 Dungeon Crawl Stone Soup version 0.17-a0-1368-g6ab37f2 (webtiles) character file.

174 HEYYEYAAE the Gusty (level 5, -1/37 HPs)
             Began as a Human Air Elementalist on June 12, 2015.
             Slain by an orc
             ... wielding a +0 flail
              (10 damage)
             ... on level 4 of the Dungeon.
             The game lasted 00:03:33 (3114 turns).

HEYYEYAAE the Gusty (Human Air Elementalist)        Turns: 3114, Time: 00:03:33

Health: -1/37      AC:  5    Str:  8    XL:     5   Next: 84%
Magic:  6/9        EV: 10    Int: 16    God:
Gold:   199        SH:  0    Dex: 14    Spells: 3 memorised, 4 levels left

rFire  . . .     SeeInvis .     w - +0 falchion
rCold  . . .     Clarity  .     c - +0 ring mail (curse)
rNeg   . . .     SustAt   .     (no shield)
rPois  +         Gourm    .     (no helmet)
rElec  .         Spirit   .     (no cloak)
rCorr  .         Warding  .     (no gloves)
rMut   .         Stasis   .     (no boots)
MR     .....                    (no amulet)
Stlth  +.........               (no ring)
                                r - ring of poison resistance

@: not resistant to hostile enchantments, very unstealthy
A: no striking features
a: no special abilities


You were on level 4 of the Dungeon.
You were hungry.

You visited 1 branch of the dungeon, and saw 4 of its levels.

You collected 199 gold pieces.

Inventory:

Hand weapons
 l - a +0 short sword
 w - a +0 falchion (weapon)
Armour
 a - a +0 robe
 c - a cursed +0 ring mail (worn)
 v - a +0 large shield
Jewellery
 r - a ring of poison resistance (left hand)
Magical devices
 m - a wand of flame (26)
 t - a wand of polymorph (17)
Scrolls
 e - a scroll of recharging
 h - 3 scrolls of teleportation
 j - a scroll of magic mapping {unknown}
 n - 2 scrolls of remove curse
 u - a scroll of fear
Potions
 i - a potion of haste
 k - a potion of curing
 o - a potion of magic
 s - 2 potions of agility
Books
 b - a book of Air

   Spells                             Type                      Level
   a - Shock                          Conjuration/Air              1
   b - Swiftness                      Charms/Air                   2
   c - Repel Missiles                 Charms/Air                   2
   d - Static Discharge               Conjuration/Air              3
   e - Lightning Bolt                 Conjuration/Air              5
Comestibles
 f - 3 fruits
 g - a beef jerky
 p - 2 meat rations
 q - 3 bread rations


   Skills:
 + Level 1.0 Fighting
 + Level 1.0 Armour
 + Level 2.8 Dodging
 - Level 2.0 Stealth
 * Level 3.0 Spellcasting
 * Level 2.5 Conjurations
 * Level 3.9 Air Magic


You had 4 spell levels left.
You knew the following spells:

 Your Spells              Type           Power        Failure   Level  Hunger
a - Shock                 Conj/Air       ##..         17%         1    #......
b - Static Discharge      Conj/Air       ##......     45%         3    ###....
c - Repel Missiles        Chrm/Air       #.....       41%         2    ##.....


Dungeon Overview and Level Annotations

Branches:
Dungeon (4/15)
 Temple: D:4-7

Altars:
Ashenzari
Cheibriados
Nemelex Xobeh
Ru
Sif Muna
Xom
Yredelemnul


Message History

You hit the orc but do no damage. The orc barely misses you.
You barely miss the orc. The orc barely misses you.
You barely miss the orc. The orc closely misses you.
The orc hits you with a flail.
You hit the orc.
The orc is lightly wounded.
The orc hits you with a flail.
You hit the orc.
The orc is moderately wounded.
The orc hits you with a flail!
* * * LOW HITPOINT WARNING * * *
You are too injured to fight recklessly!
You are too injured to fight recklessly!
You are too injured to fight recklessly!
You are too injured to fight recklessly!
You are too injured to fight recklessly!
You closely miss the orc.
The orc is moderately wounded.
The orc hits you with a flail!
You die...

# ## #. # .###...
# .....## #
##....... #
###o...?... ##
######.@#....?..
.#
###.##..###.......
.## ##.....###
.......
..#####.....##
.......
.....†......#
#.g....
##...........#
......
##..........#
#o....
#............#
#............#


You could see an orc.

Vanquished Creatures
  An ogre (D:4)
  3 adders
  A worm (D:4)
  A giant gecko (D:3)
  4 giant cockroaches
  4 goblins
  9 hobgoblins
  2 ball pythons
  6 bats
  5 giant newts
  4 jackals (D:3)
  9 kobolds
  7 rats
56 creatures vanquished.

Notes
Turn   | Place    | Note
--------------------------------------------------------------
     0 | D:1      | HEYYEYAAE the Human Air Elementalist began the quest for the Orb.
     0 | D:1      | Reached XP level 1. HP: 13/13 MP: 3/3
   492 | D:1      | Reached XP level 2. HP: 11/19 MP: 1/5
   837 | D:1      | Reached XP level 3. HP: 17/24 MP: 6/6
  1212 | D:2      | Found a shimmering altar of Xom.
  1215 | D:2      | Found a basalt altar of Yredelemnul.
  1322 | D:2      | Found a faded altar to an unknown god.
  1555 | D:2      | Reached XP level 4. HP: 7/31 MP: 2/7
  1565 | D:2      | Found a snail-covered altar of Cheibriados.
  1567 | D:2      | Found a deep blue altar of Sif Muna.
  1945 | D:2      | Found a sparkling altar of Nemelex Xobeh.
  1946 | D:2      | Found a shattered altar of Ashenzari.
  2927 | D:4      | Noticed an ogre
  2937 | D:4      | Killed an ogre
  2937 | D:4      | Reached skill level 1 in Fighting
  2937 | D:4      | Reached skill level 1 in Armour
  2937 | D:4      | Reached XP level 5. HP: 12/37 MP: 3/9
  2994 | D:4      | Learned a level 3 spell: Static Discharge
  2997 | D:4      | Learned a level 2 spell: Repel Missiles
  3001 | D:4      | Found a sacrificial altar of Ru.
  3114 | D:4      | Slain by an orc

Vault maps used:
D:1:      dpeg_arrival_concentric_ovals, corexii_item_surrounded_by_moat
D:2:      gammafunk_temple_overflow_statue, nicolae_overflow_hidden_temple,
          ecumenical_altar_2
D:3:      first_bread, kennysheep_generic_room_7
D:4:      kennysheep_mini, minmay_temple_entry_poolview, corexii_corridor_pit

Action                   |  1- 3 |  4- 6 || total
-------------------------+-------+-------++-------
Melee: Unarmed           |    45 |       ||    45
       Short sword       |    59 |    98 ||   157
       Falchion          |       |    43 ||    43
 Cast: Shock             |    19 |    30 ||    49
  Use: Scroll            |       |     7 ||     7
       Potion            |       |     4 ||     4
 Stab: Sleeping          |     3 |     1 ||     4
  Eat: Chunk             |     1 |     2 ||     3
       Bread ration      |       |     1 ||     1
